Map: Dusk Towers

Players

MarineMario - Winner!

  • Race: Terran Terran
  • League: Master

xKawaiian

  • Race: Terran Terran
  • League: Master

VOD

Have the link to the VOD?

Description

Time

  • Played on: Jan. 16, 2016, 4:26 p.m.
  • Length: 21:50
Show
View Real Time Build Order
Export as new Build Order

MarineMario Terran - Winner!

Build Orders: Bio Tank 

Get SALT Encoding   

  12  0:01  SCV  
  13  0:13  SCV  
  14  0:17  Supply Depot  
  14  0:25  SCV  
  15  0:39  SCV  
  15  0:41  Barracks  
  16  0:45  Refinery  
  16  0:51  SCV  
  17  1:03  SCV  
  18  1:15  SCV  
  19  1:28  Orbital Command  
  19  1:29  Barracks Reactor  
  19  1:42  Command Center  
  19  1:50  Supply Depot  
  19  1:54  SCV  
  20  2:05  Factory  
  20  2:06  Marine  
  20  2:07  Marine  
  22  2:10  SCV  
  22  2:15  Refinery  
  23  2:22  SCV  
  24  2:24  Marine  
  24  2:25  Marine  
  26  2:34  SCV  
  27  2:40  Supply Depot  
  27  2:42  Marine  
  27  2:43  Marine  
  29  2:46  SCV  
  30  2:55  Factory Tech Lab, Starport  
  31  3:03  SCV  
  31  3:04  Orbital Command  
  31  3:09  Marine  
  31  3:10  Marine  
  33  3:15  SCV  
  33  3:19  Siege Tank  
  37  3:27  SCV  
  37  3:28  Marine  
  37  3:29  Marine  
  37  3:32  Medivac  
  42  3:34  SCV  
  42  3:39  SCV  
  44  3:43  Supply Depot  
  44  3:48  Marine  
  44  3:49  SCV, Marine  
  44  3:51  SCV  
  44  3:53  Siege Tank  
  51  4:01  SCV  
  49  4:04  SCV  
  49  4:06  Marine x2  
  52  4:17  Medivac  
  52  4:20  Command Center, SCV  
  55  4:30  Marine  
  55  4:31  Marine  
  57  4:32  Siege Tank  
  57  4:35  Refinery  
  57  4:37  SCV, Supply Depot  
  57  4:38  SCV  
  53  4:58  Marine x2  
  54  5:00  SCV x2, Medivac  
  58  5:15  SCV x2  
  58  5:16  Marine x2  
  58  5:19  Barracks  
  58  5:20  Barracks  
  62  5:21  Refinery, Barracks  
  62  5:24  Engineering Bay  
  62  5:26  Engineering Bay  
  62  5:27  SCV x2  
  64  5:34  Viking  
  66  5:35  Siege Tank  
  66  5:36  Marine x2  
  66  5:39  SCV x2  
  66  5:40  SCV  
  74  5:51  SCV  
  74  6:01  SCV  
  74  6:03  SCV  
  76  6:05  Terran Infantry Weapons Level 1, Terran Infantry Armor Level 1  
  76  6:09  Barracks Tech Lab  
  76  6:10  Barracks Tech Lab  
  76  6:13  Barracks Reactor  
  76  6:14  SCV  
  76  6:15  SCV  
  77  6:23  Orbital Command  
  77  6:26  SCV  
  77  6:28  SCV  
  77  6:31  Combat Shields, Stimpack  
  79  6:38  SCV  
  77  6:40  SCV  
  77  6:53  SCV x2  
  77  7:05  Marine x2  
  77  7:06  Marine x4  
  77  7:07  Medivac  
  85  7:12  Supply Depot x3  
  85  7:13  Armory  
  85  7:18  Supply Depot  
  85  7:19  Supply Depot  
  85  7:27  Supply Depot  
  85  7:29  Supply Depot  
  85  7:33  SCV x2, Siege Tank, Marine x6  
  96  7:45  SCV x2  
  96  7:47  Supply Depot  
  96  7:48  Supply Depot, Medivac  
  96  7:51  Marine x6  
  103  7:57  SCV x2  
  108  8:00  Barracks  
  108  8:02  Terran Infantry Weapons Level 2, Terran Infantry Armor Level 2  
  108  8:08  Marine x3  
  108  8:09  Marine x3  
  114  8:16  Siege Tank  
  117  8:22  Orbital Command  
  117  8:26  Marine x2  
  117  8:27  Marine x2  
  112  8:29  Marine x2  
  116  8:42  Missile Turret x2, Terran Vehicle Weapons Level 1  
  116  8:44  Marine x3  
  116  8:45  Marine  
  116  8:47  Marine  
  121  8:53  SCV x2  
  121  8:54  SCV  
  124  8:58  Marine  
  124  8:59  Siege Tank, Marine  
  124  9:02  Marine x2  
  131  9:05  SCV x2  
  131  9:06  SCV  
  132  9:14  Marine x3  
  132  9:15  Starport Reactor  
  132  9:16  Marine x2  
  128  9:17  SCV  
  128  9:20  Marine  
  128  9:23  Barracks  
  130  9:24  Factory, Missile Turret  
  130  9:27  Missile Turret  
  130  9:29  Missile Turret  
  130  9:30  Refinery x2  
  130  9:34  Marine x3  
  130  9:35  Siege Tank, Marine x2  
  130  9:37  Marine  
  140  9:43  Barracks Reactor  
  139  9:50  Supply Depot  
  139  9:51  Supply Depot  
  139  9:52  Supply Depot, Marine x2  
  141  9:54  Missile Turret  
  141  10:01  Marine x4  
  141  10:04  Supply Depot  
  137  10:19  Marine x2  
  115  10:23  Marine  
  115  10:24  Marine x6  
  115  10:25  Factory Tech Lab  
  115  10:26  Siege Tank, Medivac x2  
  115  10:28  SCV x3  
  132  10:36  Marine x2  
  132  10:41  Marine  
  135  10:43  Missile Turret  
  135  10:44  Terran Vehicle Weapons Level 2  
  135  10:45  Terran Infantry Weapons Level 3, Terran Infantry Armor Level 3  
  135  10:46  Marine x6  
  141  10:54  Marine x2  
  141  10:55  Siege Tank  
  146  10:59  Marine  
  146  11:02  Command Center  
  146  11:03  Siege Tank, Marine  
  146  11:04  Marine x4  
  151  11:08  Marine  
  156  11:12  Marine x2  
  156  11:17  Marine  
  159  11:18  Medivac x2  
  159  11:21  Marine x2  
  159  11:22  Marine  
  166  11:35  Marine x6  
  166  11:36  Siege Tank x2  
  166  11:39  Marine x2  
  154  11:52  Marine x2  
  154  11:53  Marine  
  154  11:59  Orbital Command  
  148  12:13  Marine x8  
  148  12:14  Marine  
  157  12:15  Siege Tank  
  157  12:16  Siege Tank  
  163  12:30  Marine  
  163  12:31  Marine x3  
  167  12:38  Missile Turret  
  167  12:41  SCV x3, Missile Turret  
  170  12:46  Marine  
  170  12:47  Marine x4  
  170  12:48  Siege Tank, Marine  
  179  12:55  Missile Turret  
  179  13:00  Marine x3  
  179  13:01  Siege Tank  
  179  13:03  Viking  
  179  13:04  Marine x2  
  189  13:10  Marine x4  
  193  13:18  Marine x3  
  194  13:33  Marine x3  
  194  13:34  Marine x3  
  184  13:42  Medivac x2  
  187  13:50  Planetary Fortress  
  187  14:16  Marine x3  
  187  14:17  Marine x6  
  193  14:34  Marine x3  
  192  14:42  Command Center  
  175  14:46  Marine x6  
  175  14:50  Medivac x2  
  175  14:52  Marine  
  186  14:59  Marine x2  
  185  15:04  Marine x2  
  185  15:05  Barracks  
  185  15:06  Barracks  
  184  15:08  Barracks  
  184  15:12  Marine x4  
  184  15:13  Marine  
  190  15:20  Medivac x2  
  182  15:24  Siege Tank  
  182  15:25  Siege Tank, Marine x4  
  192  15:29  Marine  
  192  15:30  Marine  
  185  15:50  Viking, Medivac  
  187  16:01  Marine x4  
  187  16:02  Marine x5  
  187  16:03  Siege Tank  
  199  16:19  Marine  
  190  16:42  Marine x6  
  190  16:43  Marine x3  
  197  16:57  Marine x2  
  197  16:58  Marine  
  191  17:20  Marine x2  
  191  17:22  Marine x2  
  193  17:28  Marine x2  
  194  17:31  Marine x5  
  149  17:46  Marine x4  
  149  17:47  Marine  
  149  17:48  Marine  
  149  17:49  Marine x2  
  152  17:54  Planetary Fortress  
  135  18:05  Marine x4  
  129  18:06  Marine x4  
  134  18:17  Marine x4  
  138  18:23  Marine  
  139  18:31  Orbital Command  
  139  18:32  Medivac x2  
  143  18:50  Marine x2  
  143  18:51  Marine x2  
  127  19:11  Marine, Medivac x2  
  127  19:12  Marine x6  
  127  19:13  Siege Tank  
  127  19:15  Marine x4  
  139  19:32  Marine  
  139  19:33  Marine x5  
  145  19:41  Medivac x2  
  143  20:11  Marine x6  
  143  20:12  Medivac x2  
  153  20:14  Orbital Command  
  115  20:26  Marine x6  
  109  20:28  Marine  
  109  20:29  Marine x2  
  109  20:32  Marine x2  
  109  20:33  Marine  
  109  20:34  Siege Tank x2  
  119  20:43  Marine x2  
  119  20:47  Marine x3  
  119  20:48  Marine x2  
  126  21:22  Marine x7  
  126  21:23  Marine x4  
Show
View Real Time Build Order
Export as new Build Order

xKawaiian Terran 

Build Orders: 1/1/1, Cyclone Opening, Bio Tank 

Get SALT Encoding   

  12  0:00  SCV  
  13  0:13  SCV  
  14  0:18  Supply Depot  
  14  0:25  SCV  
  15  0:39  SCV  
  15  0:40  Barracks  
  16  0:47  Refinery  
  16  0:51  SCV  
  16  0:53  Refinery  
  17  1:03  SCV  
  18  1:15  SCV  
  19  1:28  Marine  
  19  1:29  Orbital Command  
  20  1:35  Factory  
  20  1:41  Supply Depot  
  20  1:46  Marine  
  21  1:54  SCV  
  22  2:04  Marine  
  22  2:06  SCV  
  24  2:18  SCV  
  24  2:20  Factory Tech Lab, Starport  
  25  2:25  Supply Depot, Marine  
  26  2:30  SCV  
  27  2:41  Cyclone  
  27  2:43  Marine  
  31  2:46  SCV  
  32  2:56  Medivac  
  34  2:58  Supply Depot  
  34  2:59  SCV  
  34  3:03  Marine  
  36  3:11  SCV  
  37  3:19  Liberator  
  37  3:20  Siege Tank  
  37  3:21  Marine  
  37  3:24  SCV  
  42  3:27  Supply Depot  
  42  3:36  SCV  
  46  3:48  SCV, Supply Depot  
  47  3:50  Marine  
  47  4:05  SCV  
  47  4:18  Command Center  
  47  4:28  SCV  
  48  4:32  Barracks  
  48  4:34  Starport Reactor  
  47  4:52  Siege Tank  
  47  4:58  Marine  
  48  5:04  SCV  
  49  5:07  Barracks  
  49  5:10  Supply Depot  
  49  5:15  Marine  
  49  5:18  SCV  
  51  5:26  Starport Reactor  
  51  5:28  Supply Depot  
  51  5:30  SCV  
  51  5:33  Stimpack  
  51  5:34  Factory Tech Lab  
  51  5:35  Orbital Command  
  52  5:47  SCV, Marine  
  54  6:00  SCV  
  54  6:01  Command Center  
  54  6:03  SCV  
  56  6:07  Medivac  
  56  6:10  Marine  
  59  6:16  Marine  
  60  6:20  Marine  
  60  6:22  Medivac  
  60  6:23  SCV x2  
  65  6:27  Marine  
  65  6:30  Siege Tank  
  69  6:34  Marine  
  69  6:35  SCV x2  
  69  6:39  Marine  
  73  6:47  SCV  
  73  6:48  Marine  
  73  6:49  SCV  
  76  6:55  Refinery, Engineering Bay  
  76  6:56  Refinery, Engineering Bay  
  76  6:57  Supply Depot, Marine  
  76  6:58  Supply Depot  
  76  6:59  SCV  
  78  7:02  Siege Tank  
  78  7:04  Marine  
  82  7:09  SCV  
  82  7:12  SCV  
  82  7:14  Orbital Command  
  84  7:20  Supply Depot  
  84  7:21  Marine x2  
  84  7:22  Terran Infantry Weapons Level 1, SCV  
  87  7:24  SCV  
  87  7:26  Marine x2  
  87  7:27  Medivac  
  92  7:30  Medivac  
  92  7:34  SCV, Siege Tank  
  92  7:36  SCV, Terran Infantry Armor Level 1  
  99  7:40  SCV  
  100  7:44  Missile Turret  
  100  7:46  SCV  
  100  7:48  SCV  
  100  7:49  Missile Turret  
  102  7:55  Combat Shields, Marine x2  
  104  7:59  SCV  
  104  8:02  Barracks  
  105  8:05  SCV  
  105  8:06  Barracks Reactor  
  105  8:08  Barracks, Medivac  
  105  8:10  Marine  
  70  8:12  Medivac  
  109  8:13  Marine  
  109  8:14  SCV  
  109  8:15  SCV  
  109  8:18  SCV  
  115  8:26  SCV  
  109  8:38  Viking  
  109  8:39  Marine  
  109  8:40  Marine  
  109  8:41  Siege Tank  
  116  8:42  Viking  
  116  8:44  SCV  
  116  8:47  Supply Depot x2, Marine x3  
  122  8:49  Supply Depot  
  119  8:56  Marine x2  
  119  8:58  Marine  
  119  8:59  Marine  
  123  9:16  Armory  
  123  9:18  Marine x2  
  123  9:19  Barracks Reactor x2, Marine  
  123  9:20  Armory  
  123  9:21  SCV x2  
  123  9:23  Refinery  
  128  9:24  Refinery  
  128  9:28  SCV  
  128  9:30  Supply Depot  
  129  9:33  SCV x2  
  129  9:34  Medivac, Siege Tank, Marine x2  
  129  9:36  Marine x2  
  140  9:40  SCV  
  140  9:44  Barracks  
  141  9:45  Barracks  
  141  9:53  Missile Turret, Marine x3  
  141  9:55  Missile Turret, Medivac  
  141  9:57  Missile Turret  
  146  10:02  Marine x2  
  146  10:04  Marine, Medivac  
  151  10:07  Factory  
  145  10:15  Missile Turret  
  145  10:16  Siege Tank, Marine  
  122  10:22  Marine  
  122  10:25  Medivac  
  122  10:26  Marine x2  
  121  10:29  SCV x2  
  121  10:33  Barracks Reactor  
  121  10:34  Barracks Reactor, Medivac  
  125  10:37  Marine x2  
  125  10:40  Marine  
  130  10:48  Siege Tank  
  133  10:55  Terran Infantry Weapons Level 2, Terran Infantry Armor Level 2  
  133  10:59  Command Center  
  133  11:00  SCV  
  133  11:02  Factory Tech Lab  
  132  11:04  Terran Vehicle Weapons Level 1  
  132  11:06  SCV  
  132  11:08  Marine  
  132  11:09  Marine x2  
  136  11:21  Siege Tank  
  136  11:22  Marine  
  136  11:23  Marine x5  
  145  11:26  SCV x2  
  145  11:28  SCV  
  145  11:32  Marine x3  
  151  11:36  Siege Tank  
  129  11:49  Marine x4  
  129  11:50  Medivac  
  129  11:53  Siege Tank, Marine x3  
  137  12:01  Medivac  
  124  12:08  Siege Tank  
  124  12:10  Marine x5  
  124  12:12  Planetary Fortress  
  127  12:15  Marine  
  127  12:16  Marine x3  
  127  12:21  Marine x3  
  134  12:24  Marine  
  134  12:25  Siege Tank  
  134  12:27  Marine x2  
  134  12:28  Marine x3  
  143  12:33  Refinery, Marine  
  143  12:34  Refinery, Marine x2  
  143  12:36  Medivac x2  
  150  12:50  Marine x5  
  150  12:51  Siege Tank, Marine x2  
  157  12:52  Marine  
  157  12:53  Marine  
  162  13:05  Marine x3  
  164  13:06  Siege Tank, Medivac x2  
  164  13:10  Command Center  
  164  13:12  Marine x2  
  174  13:16  Marine x2  
  174  13:17  Marine  
  177  13:21  Marine  
  177  13:25  Siege Tank  
  172  13:31  Marine x2  
  173  13:34  Marine x2  
  173  13:36  Medivac  
  173  13:38  Siege Tank, Marine x2  
  174  13:44  Marine  
  174  13:47  Terran Infantry Weapons Level 3  
  173  13:49  Marine x2  
  173  13:55  Supply Depot, Terran Infantry Armor Level 3  
  175  13:57  Siege Tank  
  175  13:58  Supply Depot  
  175  13:59  Supply Depot, Marine x2  
  180  14:16  Marine x8  
  188  14:19  Marine x2  
  188  14:20  Siege Tank, Medivac  
  195  14:25  Planetary Fortress  
  195  14:29  Siege Tank, Missile Turret  
  198  14:35  Missile Turret  
  198  14:37  Marine x2  
  200  14:44  Marine x4  
  200  14:45  Medivac  
  198  14:48  Marine x2  
  198  14:49  Missile Turret  
  200  14:56  Terran Vehicle Weapons Level 2  
  200  15:03  Marine x2  
  196  15:11  Siege Tank x2, Marine x2  
  196  15:12  Medivac, Marine x2  
  193  15:15  Marine x3  
  193  15:16  Marine x2  
  193  15:18  Medivac  
  200  15:26  Missile Turret  
  200  15:28  Missile Turret  
  200  15:34  Marine  
  195  15:39  Marine  
  195  15:40  Marine x3  
  195  15:42  Marine, Medivac  
  198  15:47  Missile Turret  
  198  15:49  Missile Turret  
  193  15:51  Marine x4  
  184  15:58  Marine x2  
  184  16:01  Siege Tank x2, Marine x2  
  194  16:04  Command Center  
  194  16:06  Marine x5  
  194  16:07  Refinery  
  194  16:08  Marine x2  
  194  16:09  Missile Turret, Marine x2  
  194  16:11  Refinery  
  193  16:16  Marine x2  
  190  16:19  Marine x2  
  190  16:24  Hi-Sec Auto Tracking, Marine x5  
  194  16:26  Medivac, Marine x3  
  194  16:27  Medivac, Marine  
  194  16:32  Building Armor  
  196  16:33  Marine  
  196  16:34  Marine  
  196  16:36  Marine  
  196  16:37  Marine  
  200  16:56  Marine x2  
  200  17:00  Marine x2  
  200  17:07  Marine x2  
  200  17:18  Planetary Fortress  
  200  17:22  Refinery  
  200  17:29  Marine  
  200  17:31  Missile Turret  
  200  17:35  Refinery  
  198  17:39  Marine x3  
  198  17:40  Marine  
  184  17:54  Marine  
  184  17:55  Marine x5  
  184  17:57  Marine x4  
  140  18:04  Siege Tank, Medivac  
  140  18:05  Medivac  
  120  18:08  Siege Tank  
  120  18:12  Marine x4  
  113  18:13  Marine x2  
  113  18:14  Barracks, Marine  
  113  18:15  Marine x3  
  113  18:16  Barracks  
  113  18:17  Barracks  
  113  18:18  Barracks  
  122  18:27  Barracks  
  122  18:29  Barracks x2  
  122  18:30  Factory, Marine x3  
  122  18:31  Factory  
  122  18:32  Marine x2  
  127  18:34  Medivac  
  127  18:35  Medivac  
  127  18:36  Siege Tank  
  127  18:40  Siege Tank  
  135  18:44  Marine x2  
  135  18:47  Marine x3  
  133  18:57  Marine x2  
  128  19:04  Medivac  
  128  19:09  Siege Tank, Marine  
  134  19:12  Siege Tank  
  134  19:14  Barracks Reactor  
  137  19:19  Marine  
  137  19:23  SCV x2, Missile Turret  
  132  19:26  Marine  
  132  19:28  Marine x2  
  131  19:31  Marine  
  131  19:34  Marine  
  133  19:41  Siege Tank, Marine  
  133  19:44  Siege Tank  
  138  19:59  Marine x2  
  140  20:07  Marine  
  140  20:08  Marine x2  
  140  20:13  Siege Tank  
  146  20:18  Siege Tank  
  115  20:33  Marine x8  
  117  20:45  Siege Tank, Marine  
  117  20:46  Marine x6  
  127  20:51  Marine x4  
  127  20:55  Medivac  
  127  20:56  Marine  
  134  20:58  Marine  
  134  21:01  Marine x2  
  134  21:03  Marine  
  138  21:17  Marine x4  
  138  21:18  Barracks Reactor x3  
  142  21:24  Marine x2  
Tags
 
Add a new tag
Caveats
  • Supply blocks, unpowered buildings, or Contaminate may cause inaccurate times.
  • Supply counts are checked every 10 seconds.